 Dungeon Crawl Stone Soup version 0.30-a0-639-g3916f1956a (webtiles) character file.

Game seed: 1586916448240999603

322 mandoloar the Digger (level 6, 0/32 HPs)
             Began as a Gargoyle Earth Elementalist on Jan 16, 2023.
             Killed from afar by Blork the orc (11 damage)
             ... with a puff of frost
             ... on level 4 of the Dungeon.
             The game lasted 00:11:28 (3211 turns).

mandoloar the Digger (Gargoyle Earth Elementalist)  Turns: 3211, Time: 00:11:28

Health: 0/32       AC:  6    Str: 11    XL:     6   Next: 47%
Magic:  1/11       EV: 11    Int: 18    God:
Gold:   179        SH:  0    Dex: 10    Spells: 3/12 levels left

rFire   . . .      SeeInvis .    a - +12 quarterstaff of the Freezing God {holy, rElec rPois}
rCold   . . .      Faith    .    (shield currently unavailable)
rNeg    + . .      Spirit   .    h - +0 robe
rPois   ∞          Reflect  .    (no helmet)
rElec   +          Harm     .    (no cloak)
rCorr   .          Rampage  .    (no gloves)
Will    .....                    (no boots)
Stlth   ++                       (no amulet)
HPRegen 0.25/turn                (no ring)
MPRegen 0.12/turn                (no ring)

@: no status effects
A: sickness immunity, AC +4, negative energy resistance 1, electricity
resistance, torment resistance 1, petrification resistance
a: no special abilities


You were on level 4 of the Dungeon.
You visited 1 branch of the dungeon, and saw 4 of its levels.

You collected 179 gold pieces.

Inventory:

Hand Weapons
 a - the +12 quarterstaff of the Freezing God (weapon) {holy, rElec rPois}
   (You found it on level 3 of the Dungeon)

   rElec:     It insulates you from electricity.
   rPois:     It protects you from poison.
Missiles
 f - 11 stones (quivered)
Armour
 h - a +0 robe (worn)
 j - a +0 buckler
Wands
 l - a wand of polymorph (3)
Scrolls
 c - 4 scrolls of identify {unknown}
 d - 2 scrolls of immolation {unknown}
 i - a scroll of vulnerability {unknown}
 n - a scroll of poison {unknown}
 o - a scroll of magic mapping {unknown}
 p - a scroll of amnesia {unknown}
 q - a scroll of teleportation {unknown}
Potions
 b - a potion of magic
 e - 3 potions of curing {unknown}
 g - 2 potions of haste {unknown}
 k - a potion of heal wounds {unknown}
 m - a potion of flight {unknown}


   Skills:
 - Level 1.5 Dodging
 - Level 2.1 Stealth
 + Level 3.9 Spellcasting
 + Level 3.1 Conjurations
 + Level 1.0 Necromancy
 - Level 0.7 Transmutations
 + Level 5.7 Earth Magic


You had 3 spell levels left.
You knew the following spells:

 Your Spells              Type           Power      Damage    Failure   Level
a - Sandblast             Erth           48%        2d12      1%          1
b - Stone Arrow           Conj/Erth      38%        3d9       7%          3
c - Borgnjor's Vile Clut  Necr/Erth      7%         N/A       71%         5

Your spell library contained the following spells:

 Spells                   Type           Power      Damage    Failure   Level
 Passwall                 Tmut/Erth      12%        N/A       6%          2
 Petrify                  Tmut/Erth      15%        N/A       36%         4
 Iron Shot                Conj/Erth      9%         9d3       98%         6
 Lehudib's Crystal Spear  Conj/Erth      9%         10d4      100%        8


Dungeon Overview and Level Annotations

Branches:
Dungeon (4/15)
 Temple: D:4-7

Altars:
Zin

Shops:
D:3 *

Annotations:
D:4 Blork the orc


Innate Abilities, Weirdness & Mutations

You are immune to sickness and miasma.
Your stone body is resilient. (AC +4)
You are immune to poison.
You resist negative energy. (rN+)
You are resistant to electric shocks. (rElec)
You are resistant to unholy torment.
You are immune to petrification.


Message History

Casting: Stone Arrow (quite dangerous; 7% risk of failure)
Confirm with . or Enter, or press ? or * to list all spells.
Aiming: Stone Arrow (quite dangerous; 7% risk of failure)
Press: ? - help, Shift-Dir - straight line, f/p - Blork the orc
Aim: Blork the orc, wielding a +0 trident and wearing a +0 robe (72% to hit)
The stone arrow hits Blork the orc!
Blork the orc is heavily wounded.
Blork the orc hits you but does no damage.
Casting: Stone Arrow (quite dangerous; 7% risk of failure)
Confirm with . or Enter, or press ? or * to list all spells.
Aiming: Stone Arrow (quite dangerous; 7% risk of failure)
Press: ? - help, Shift-Dir - straight line, f/p - Blork the orc
Aim: Blork the orc, wielding a +0 trident and wearing a +0 robe (heavily wounded, 72% to hit)
The stone arrow hits Blork the orc.
Blork the orc is heavily wounded.
Blork the orc hits you but does no damage.
Casting: Stone Arrow (quite dangerous; 7% risk of failure)
Confirm with . or Enter, or press ? or * to list all spells.
You don't have enough magic to cast this spell.
Unknown command.
Blork the orc grins evilly.
Your magical contamination has completely faded away.
Blork the orc grunts to no one in particular.
Casting: Stone Arrow (quite dangerous; 7% risk of failure)
Confirm with . or Enter, or press ? or * to list all spells.
Aiming: Stone Arrow (quite dangerous; 7% risk of failure)
Press: ? - help, Shift-Dir - straight line, f/p - Blork the orc
Aim: Blork the orc, wielding a +0 trident and wearing a +0 robe (heavily wounded, 72% to hit)
The stone arrow hits Blork the orc!
Blork the orc is almost dead.
Blork the orc casts a spell at you. The puff of frost hits you!
Blork the orc points at you and mumbles some strange words.
The puff of frost hits you!
* * * LOW HITPOINT WARNING * * *
Blork the orc gestures wildly while chanting.
Blork the orc seems to speed up.
Blork the orc casts a spell at you. The puff of frost hits you!
You die...

#.##.#.....###...####
#.#....#.##...........>
.......................
#.........#...........
.####..[#####....#.##
#.o### #....#.# #.##
#..†.... #.# #....#.##
#@# #....#.# #.# #.....
# #.# .....#. ..# ###


You could see Blork the orc (fast).

Vanquished Creatures
  Sigmund (D:2)
  2 orc priests (D:3)
  5 adders
  3 worms
  5 orcs (D:3)
  A ball python (D:4)
  7 endoplasms
  2 giant cockroaches (D:3)
  3 goblins
  5 hobgoblins
  3 quokkas
  2 bats (D:2)
  2 frilled lizards
  4 kobolds
  5 rats
  A spectral goblin (D:1)
51 creatures vanquished.

Notes
Turn   | Place    | Note
-------+----------+-------------------------------------------
     0 | D:1      | mandoloar the Gargoyle Earth Elementalist began the quest
                  | for the Orb.
     0 | D:1      | Reached XP level 1. HP: 10/10 MP: 3/3
   237 | D:1      | Found a faded altar of an unknown god.
   412 | D:1      | Reached XP level 2. HP: 15/15 MP: 3/5
   544 | D:1      | Got the Spellbook of Oromancy
   556 | D:1      | Reached skill level 4 in Earth Magic
  1027 | D:2      | Reached XP level 3. HP: 19/19 MP: 0/6
  1083 | D:2      | Learned a level 3 spell: Stone Arrow
  1377 | D:2      | Noticed Sigmund
  1459 | D:2      | Killed Sigmund
  1460 | D:2      | Reached skill level 5 in Earth Magic
  1460 | D:2      | Reached XP level 4. HP: 7/24 MP: 5/9
  1460 | D:2      | Reached XP level 5. HP: 8/28 MP: 5/10
  1764 | D:2      | Learned a level 5 spell: Borgnjor's Vile Clutch
  1812 | D:3      | Identified the +12 quarterstaff of the Freezing God {holy,
                  | rElec rPois}
  2096 | D:3      | Reached XP level 6. HP: 32/32 MP: 7/11
  2727 | D:3      | Found Zin's Purification Station.
  2732 | D:3      | Found a glowing silver altar of Zin.
  3052 | D:3      | Reached skill level 1 in Necromancy
  3187 | D:4      | Noticed Blork the orc
  3211 | D:4      | Killed from afar by Blork the orc

Illustrated notes

Levels and vault maps discovered:
D:1:      roderic_octagonal_star, layout_loops_ring,
          dreamdust_ecumenical_altar_drowned_temple, minmay_misc_feat_iff
D:2:      layout_rooms, uniq_sigmund
D:3:      layout_basic, zin_purify
D:4:      layout_loops_cross, lemuel_round_altar, minmay_temple_entry_ruins,
          minmay_pentomino_pile, uniq_blork_the_orc

Skill      XL: |  1  2  3  4  5  6 |
---------------+-------------------+-----
Earth Magic    | 4 5 |  5.7
Spellcasting   | 3 |  3.9
Conjurations   | 2 3 |  3.1
Necromancy     | 1 |  1.0
Dodging        | |  1.5
Stealth        | |  2.1
Transmutations | |  0.7

Action                   |  1- 3 |  4- 6 || total
-------------------------+-------+-------++-------
Melee: Dagger            |     8 |       ||     8
Throw: Stone             |     3 |     3 ||     6
 Cast: Sandblast         |    32 |    43 ||    75
       Stone Arrow       |       |     9 ||     9
Armor: Robe              |    14 |     4 ||    18
Dodge: Dodged            |    18 |     9 ||    27

Table legend: (Time is in decaauts)
 A = Elapsed time spent in this place.
 B = Non-inter-level travel time spent in this place.
 C = Inter-level travel time spent in this place.
 D = Time resting spent in this place.
 E = Time spent auto-exploring this place.
 F = Levels seen in this place.
 G = Mean time per level.
                   A        B        C        D        E       F      G
               +--------+--------+--------+--------+--------+-----+--------+
         Total |   3233 |   3096 |    137 |    606 |   2016 |   4 |  808.2 |
       Dungeon |   3233 |   3096 |    137 |    606 |   2016 |   4 |  808.2 |
               +--------+--------+--------+--------+--------+-----+--------+

Top non-repeatable levels by time:
     D:3: 1301 daAuts
     D:1: 938 daAuts
     D:2: 862 daAuts
     D:4: 131 daAuts
